 Dungeon Crawl Stone Soup version 0.17-a0-1731-g129c023 (webtiles) character file.

19698 4thArraOfDagon the Severer (level 12, -8/169 HPs)
             Began as a Minotaur Berserker on Aug 29, 2015.
             Was a High Priest of Trog.
             Mangled by an orc warrior
             ... wielding a +2 halberd of protection
             ... led by an orc warlord
              (18 damage)
             ... on level 4 of the Orcish Mines.
             The game lasted 00:24:39 (3988 turns).

4thArraOfDagon the Severer (Minotaur Berserker)     Turns: 3988, Time: 00:24:39

Health: -8/169     AC: 17    Str: 28    XL:     12   Next: 38%
Magic:  11/11      EV: 10    Int:  9    God:    Trog [*****.]
Gold:   181        SH:  0    Dex: 11    Spells: 0 memorised, 11 levels left

rFire  . . .     SeeInvis .     r - +2 executioner's axe (elec)
rCold  + . .     Clarity  .     J - +1 chain mail {rC+}
rNeg   . . .     SustAt   .     (no shield)
rPois  .         Gourm    .     (helmet restricted)
rElec  .         Spirit   .     f - +2 cloak {+Inv}
rCorr  .         Warding  .     (no gloves)
rMut   .         Stasis   .     (no boots)
MR     ++...                    m - amulet of inaccuracy (curse)
Stlth  ..........               s - ring of the Queen {+Blink Int+5 Slay+4}
                                a - -3 ring of strength (curse)

@: berserking, regenerating, very quick, very resistant to hostile enchantments,
extremely unstealthy
A: retaliatory headbutt, horns 2
a: Burn Spellbooks, Berserk, Trog's Hand, Brothers in Arms, Renounce Religion,
Evoke Blink, Evoke Invisibility


You were on level 4 of the Orcish Mines.
You worshipped Trog.
Trog was extremely pleased with you.
You were not hungry.

You visited 2 branches of the dungeon, and saw 15 of its levels.
You also visited: Ice Cave.

You collected 1189 gold pieces.
You spent 1008 gold pieces at shops.

Inventory:

Hand weapons
 r - a +2 executioner's axe of electrocution (weapon)
 x - a +1 battleaxe of chopping
 G - a +0 battleaxe
Missiles
 n - a throwing net (quivered)
 u - 3 javelins
Armour
 f - a +2 cloak of invisibility (worn)
 J - a +1 chain mail of cold resistance (worn)
Magical staves
 v - an uncursed staff of wizardry {!a}
Jewellery
 a - a cursed -3 ring of strength (left hand)
 e - an uncursed ring of protection from magic
 g - the ring "Fokiuvos" {rElec SInv}
   (You found it in an ice cave)

   [ring of see invisible]

   It insulates you from electricity.
   It lets you see invisible.
 j - an uncursed ring of magical power
 k - an uncursed amulet of clarity
 m - a cursed amulet of inaccuracy (around neck)
 o - a +3 ring of slaying
 s - the ring of the Queen (right hand) {+Blink Int+5 Slay+4}
   (You found it on level 10 of the Dungeon)

   [ring of slaying]

   It affects your intelligence (+5).
   It affects your accuracy and damage with ranged weapons and melee attacks
   (+4).
   It lets you blink.
 t - a +1 ring of evasion
Magical devices
 I - a wand of teleportation (2)
Scrolls
 b - a scroll of noise
 l - a scroll of identify
 B - 2 scrolls of teleportation
Potions
 d - a potion of flight
 q - 4 potions of curing
 z - a potion of haste
 A - 2 potions of magic {unknown}
 E - a potion of lignification
 H - a potion of poison {unknown}
Books
 h - a book of Debilitation

   Spells                             Type                      Level
   a - Corona                         Hexes                        1
   b - Slow                           Hexes                        2
   c - Gell's Gravitas                Hexes/Translocation          3
   d - Inner Flame                    Hexes/Fire                   3
   e - Cause Fear                     Hexes                        4
   f - Leda's Liquefaction            Hexes/Earth                  4
   Trog disapproves of the use of such an item.
Comestibles
 c - 7 bread rations
 i - 2 meat rations
 p - 4 chunks of flesh
 w - 10 royal jellies


   Skills:
 + Level 12.4 Fighting
 * Level 16.7 Axes
 + Level 12.5 Armour
 - Level 2.1 Dodging


You had 11 spell levels left.
You didn't know any spells.

Dungeon Overview and Level Annotations

Branches:
Dungeon (11/15)               Orc (4/4) D:11
 Temple: D:4-7         Lair: D:8-11         Elf: Orc:3-4

Altars:
Qazlal

Shops:
Orc:4 **(}

Portals:
Trove: D:11 (give 6 scrolls of blinking)


Innate Abilities, Weirdness & Mutations

You reflexively headbutt those who attack you in melee.
You have a pair of horns on your head.


Message History

The orc warrior hits you from afar with a halberd of protection.
* * * LOW HITPOINT WARNING * * *
Unknown command.
You slash the orc warlord!
There is a sudden explosion of sparks!
The orc warlord is moderately wounded.
You miss the orc warrior.
The orc warrior is heavily wounded.
The orc warlord hits you with a long sword!
* * * LOW HITPOINT WARNING * * *
Unknown command.
Unknown command.
Unknown command.
You closely miss the orc warlord.
The orc warlord is moderately wounded.
You closely miss the orc warrior.
The orc warrior is heavily wounded.
The orc warrior completely misses you. You furiously retaliate!
You headbutt the orc warrior!
The orc warrior hits you from afar with a halberd of protection!!
You die...

..................
........................
......#......... .......
............... .......
.#.............. .......
......#......... .......
.......#....$... .o..#..
........#......##oo...#.
...............)@)......
..........#.....)o......
..#....#................
.......##......#........
....#...##.......#......
.........##.............
.......................#
.......#....#...........
...........####.#.#....


You could see an orc warlord, 2 orc warriors and an orc (frenzied).

Vanquished Creatures
  2 ice dragons
  3 orc high priests (Orc:4)
  2 ice statues (IceCv)
  2 hill giants
  A cyclops (D:10)
  An ugly thing (D:11)
  5 orc knights
  4 orc sorcerers (Orc:4)
  A gargoyle (D:11)
  The ghost of Goblin1989 the Scratcher, an experienced FeTm of Sif Muna (D:7)
  A troll (D:11)
  2 polar bears (Orc:2)
  2 yaks (Orc:2)
  A hungry ghost (D:10)
  A hippogriff (D:11)
  3 wolves (Orc:2)
  A warg (Orc:1)
  16 ice beasts
  23 orc warriors
  3 black bears
  A phantom (D:7)
  12 ogres
  2 centaurs (D:11)
  2 giant frogs
  11 big kobolds (D:11)
  A water moccasin zombie (D:6)
  A wyvern skeleton (D:6)
  2 scorpions
  2 crimson imps
  8 jellies
  3 hounds
  A centaur skeleton (D:4)
  An iguana (D:5)
  24 orc priests
  20 orc wizards
  8 adders
  5 oozes (D:10)
  4 giant geckos
  107 orcs
  2 bats (D:1)
  5 giant cockroaches
  7 goblins
  5 hobgoblins (D:1)
  2 jackals (D:8)
  18 kobolds
  A quokka (D:10)
  A giant gecko skeleton (D:5)
  A quokka skeleton (D:4)
  4 rats
336 creatures vanquished.

Vanquished Creatures (others)
  2 ogres (D:6)
  A giant frog (D:6)
  A wyvern skeleton (D:6)
  An orc wizard (D:11)
  A giant cockroach (D:6)
  A jackal (D:6)
7 creatures vanquished.

Grand Total: 343 creatures vanquished

Notes
Turn   | Place    | Note
--------------------------------------------------------------
     0 | D:1      | 4thArraOfDagon the Minotaur Berserker began the quest for the Orb.
     0 | D:1      | Reached XP level 1. HP: 19/19 MP: 0/0
    48 | D:1      | Reached skill level 4 in Axes
    61 | D:1      | Reached XP level 2. HP: 14/27 MP: 1/1
   250 | D:2      | Reached XP level 3. HP: 25/33 MP: 2/2
   250 | D:2      | Acquired Trog's second power
   299 | D:2      | You fall through a shaft!
   411 | D:3      | You fall through a shaft!
   444 | D:4      | Reached skill level 5 in Axes
   444 | D:4      | Reached XP level 4. HP: 29/40 MP: 3/3
   453 | D:4      | Noticed an ogre
   457 | D:4      | Killed an ogre
   457 | D:4      | Reached XP level 5. HP: 47/47 MP: 4/4
   596 | D:5      | Entered Level 5 of the Dungeon
   608 | D:5      | Reached skill level 6 in Axes
   687 | D:5      | Reached skill level 5 in Fighting
   687 | D:5      | Reached XP level 6. HP: 56/56 MP: 5/5
   755 | D:5      | Found a stormy altar of Qazlal.
   821 | D:6      | Reached skill level 7 in Axes
   870 | D:6      | Reached skill level 5 in Armour
   870 | D:6      | Reached XP level 7. HP: 53/61 MP: 6/6
  1042 | D:7      | Reached skill level 8 in Axes
  1078 | D:7      | Noticed Goblin1989's ghost (experienced FeTm)
  1092 | D:7      | Killed Goblin1989's ghost
  1092 | D:7      | Reached XP level 8. HP: 71/71 MP: 7/7
  1100 | D:7      | Reached skill level 9 in Axes
  1464 | D:10     | Entered Level 10 of the Dungeon
  1527 | D:10     | Noticed a cyclops
  1535 | D:10     | Killed a cyclops
  1535 | D:10     | Reached skill level 10 in Axes
  1535 | D:10     | Reached XP level 9. HP: 44/81 MP: 8/8
  1609 | D:10     | Noticed a hill giant
  1636 | D:10     | Got a glittering pewter ring
  1637 | D:10     | Identified the ring of the Queen {+Blink Int+5 Slay+4} (You found it on level 10 of the Dungeon)
  1666 | D:10     | Reached skill level 11 in Axes
  1725 | D:11     | Noticed a gargoyle
  1732 | D:11     | Killed a gargoyle
  1822 | D:10     | Noticed a hill giant
  1831 | D:10     | Killed a hill giant
  1915 | D:11     | Reached skill level 12 in Axes
  1966 | D:11     | Reached XP level 10. HP: 80/91 MP: 9/9
  2007 | D:11     | Acquired Trog's third power
  2044 | D:11     | Noticed a white ugly thing
  2044 | D:11     | Noticed a hill giant
  2051 | D:11     | Killed a hill giant
  2051 | D:11     | Reached skill level 13 in Axes
  2061 | D:11     | Killed a white ugly thing
  2200 | D:11     | Reached skill level 10 in Fighting
  2201 | D:11     | Reached skill level 10 in Armour
  2288 | D:11     | Found a portal to a secret trove of treasure.
  2341 | D:11     | Found a staircase to the Orcish Mines.
  2364 | Orc:1    | Entered Level 1 of the Orcish Mines
  2523 | Orc:2    | Identified a scroll of acquirement
  2618 | Orc:2    | Reached skill level 14 in Axes
  2682 | Orc:3    | Noticed an orc knight
  2689 | Orc:3    | Killed an orc knight
  2692 | Orc:3    | Reached XP level 11. HP: 101/101 MP: 10/10
  2858 | Orc:2    | Found a frozen archway.
  2860 | Orc:2    | Noticed an ice dragon
  2881 | Orc:2    | Killed an ice dragon
  2906 | IceCv    | Entered an ice cave
  2954 | IceCv    | Reached skill level 15 in Axes
  2960 | IceCv    | Noticed an ice statue
  2960 | IceCv    | Noticed an ice statue
  2964 | IceCv    | Killed an ice statue
  3004 | IceCv    | Killed an ice statue
  3072 | IceCv    | Noticed an ice dragon
  3100 | IceCv    | Killed an ice dragon
  3107 | IceCv    | Noticed an ice dragon
  3107 | IceCv    | HP: 2/102 [ice dragon/blast of cold (31)]
  3151 | IceCv    | Got a faintly glowing glass ring
  3166 | IceCv    | Identified the ring "Fokiuvos" {rElec SInv} (You found it in an ice cave)
  3291 | Orc:4    | Entered Level 4 of the Orcish Mines
  3601 | Orc:4    | Received a gift from Trog
  3736 | Orc:4    | Noticed an orc high priest
  3737 | Orc:4    | Noticed an orc high priest
  3760 | Orc:4    | Killed an orc high priest
  3760 | Orc:4    | Reached skill level 16 in Axes
  3760 | Orc:4    | Reached XP level 12. HP: 73/112 MP: 11/11
  3789 | Orc:4    | Killed an orc high priest
  3811 | Orc:4    | Noticed an orc high priest
  3824 | Orc:4    | Killed an orc high priest
  3892 | Orc:4    | Found Biph's Assorted Antiques.
  3892 | Orc:4    | Found Fatuce Dyuk's Gadget Shoppe.
  3894 | Orc:4    | Found Hodwen's Assorted Antiques.
  3894 | Orc:4    | Found Sarpho's Weapon Shoppe.
  3900 | Orc:4    | Bought a sedimented golden potion for 20 gold pieces
  3900 | Orc:4    | Bought a scroll labeled HEBOUNK POROEDGH for 23 gold pieces
  3900 | Orc:4    | Bought a red potion for 20 gold pieces
  3900 | Orc:4    | Bought a red potion for 20 gold pieces
  3900 | Orc:4    | Bought 2 scrolls of teleportation for 138 gold pieces
  3902 | Orc:4    | Bought a scroll labeled RAUPSI ZEHAUNO for 31 gold pieces
  3902 | Orc:4    | Bought a scroll labeled FAILAAM CIRALE for 31 gold pieces
  3902 | Orc:4    | Bought a lumpy ruby potion for 27 gold pieces
  3905 | Orc:4    | Bought a wand of teleportation (2) for 270 gold pieces
  3908 | Orc:4    | Bought a potion of curing for 93 gold pieces
  3908 | Orc:4    | Bought 2 potions of curing for 186 gold pieces
  3910 | Orc:4    | Bought a runed chain mail for 103 gold pieces
  3910 | Orc:4    | Bought a scroll of identify for 46 gold pieces
  3974 | Orc:4    | Noticed an orc warlord
  3988 | Orc:4    | Mangled by an orc warrior

Vault maps used:
D:1:      sevenhm_arrival_forest_fort_small_3, glass_columns_a,
          minmay_misc_feat_pillars
D:2:      minitemple, nicolae_dithmenos_through_a_glass_darkly
D:3:      kennysheep_generic_room_8
D:4:      first_bread, uniq_natasha
D:5:      lemuel_crystal_altar, temple_fountains
D:6:      xom_confusion_cloud
D:8:      lair_0_dummy
D:9:      kennysheep_generic_room_11, uniq_maurice
D:10:     hangedman_little_slice_of_home, lightli_minifort
D:11:     david_orc_4, nicolae_trove_entry_columns, minmay_strange_pillars
Orc:2:    portal_ice_cave_entry_animals_and_master
Orc:3:    nicolae_orc_pool_cavern
Orc:4:    grunt_orc_tribal_feast
IceCv:    ice_cave_small_dragons

Action                   |  1- 3 |  4- 6 |  7- 9 | 10-12 || total
-------------------------+-------+-------+-------+-------++-------
Melee: Hand axe          |    52 |    46 |   143 |    63 ||   304
       Battleaxe         |       |       |       |   244 ||   244
       Executioner's axe |       |       |       |    53 ||    53
Invok: Berserk           |     3 |     4 |     8 |    13 ||    28
       Trog's Hand       |       |       |     7 |    23 ||    30
  Use: Potion            |     1 |       |       |     1 ||     2
       Scroll            |     1 |       |     4 |    17 ||    22
  Eat: Chunk             |     2 |     5 |     9 |    20 ||    36
       Meat ration       |       |       |     1 |       ||     1
       Beef jerky        |       |       |       |     2 ||     2
